 Dungeon Crawl Stone Soup version 0.31-a0-1405-g2bb1a01664 (webtiles) character file.

Game seed: 3662194741071507841

11213 jasper the Severer (level 11, -6/101 HPs)
             Began as a Minotaur Berserker on Dec 25, 2023.
             Was a High Priest of Trog.
             Mangled by an orc warrior
             ... wielding a +3 battleaxe
              (13 damage)
             ... on level 11 of the Dungeon.
             The game lasted 00:15:28 (10482 turns).

jasper the Severer (Minotaur Berserker)            Turns: 10482, Time: 00:15:28

Health: -6/101     AC: 15    Str: 22    XL:     11   Next: 46%
Magic:  10/10      EV:  8    Int:  4    God:    Trog [*****.]
Gold:   602        SH:  0    Dex: 14    Spells: 10/10 levels left

rFire   + . .        A - +3 battleaxe (flame)
rCold   . . .        (shield currently unavailable)
rNeg    . . .        R - +0 plate armour
rPois   .            (helmet restricted)
rElec   .            z - +0 cloak
rCorr   .            (no gloves)
SInv    .            (no boots)
Will    +++..        T - amulet of faith Stlth
                     X - ring of protection from fire
HPRegen 1.36/turn    J - ring of willpower
MPRegen 0.12/turn

%: faith
@: strong-willed, regenerating, slowed, very slow
A: horns 2, retaliatory headbutt
a: Renounce Religion, Berserk, Trog's Hand, Brothers in Arms


You were on level 11 of the Dungeon.
You worshipped Trog.
Trog was extremely pleased with you.
You visited 2 branches of the dungeon, and saw 12 of its levels.
You also visited: Ossuary.

You collected 602 gold pieces.

Inventory:

Hand Weapons
 a - a +1 hand axe of venom
 o - the +11 short sword "Jellyslayer" {flame, Fly rElec}
   (You found it on level 3 of the Dungeon)

   rElec:     It insulates you from electricity.
   Fly:       It grants you flight.
 p - a +0 war axe
 A - a +3 battleaxe of flaming (weapon)
 M - a +4 battleaxe
 N - a +0 short sword
Missiles
 e - 5 atropa-tipped darts
 g - 79 stones (quivered)
 w - 8 boomerangs
 I - 30 poisoned darts
 K - 4 throwing nets
 W - 2 curare-tipped darts
Armour
 b - a +1 animal skin
 q - a +0 scale mail
 z - a +0 cloak (worn)
 B - a +0 chain mail
 R - a +0 plate armour (worn)
Jewellery
 r - a ring of magical power
 t - a ring of flight
 v - a ring of ice
 J - a ring of willpower (right hand)
 T - an amulet of faith (around neck)
 X - a ring of protection from fire (left hand)
Wands
 f - a wand of polymorph (8)
 s - a wand of charming (1)
 x - a wand of digging (9)
 P - a wand of flame (11)
Scrolls
 d - 4 scrolls of teleportation
 n - 2 scrolls of enchant armour
 y - 3 scrolls of immolation
 C - a scroll of silence
 D - 3 scrolls of revelation
 G - a scroll of blinking
 Q - a scroll of fog
 V - a scroll of vulnerability
Potions
 c - 5 potions of ambrosia
 h - 7 potions of brilliance
 i - a potion of enlightenment
 k - 3 potions of attraction
 l - 3 potions of lignification
 m - a potion of invisibility
 u - 2 potions of berserk rage {unknown}
 E - a potion of magic {unknown}
 F - a potion of haste {unknown}
 H - 2 potions of cancellation {unknown}
 L - 2 potions of might {unknown}
 O - a potion of heal wounds {unknown}
 S - a potion of mutation {unknown}
 U - a potion of resistance {unknown}


   Skills:
 + Level 10.4 Fighting
 * Level 17.0 Axes
 + Level 10.0 Armour
 - Level 2.1 Dodging


You had 10 spell levels left.
You didn't know any spells.
Your spell library was empty.

Dungeon Overview and Level Annotations

Branches:
Dungeon (11/15)            Temple (1/1) D:7         Ossuary (visited)
   Lair: D:8-11         Orc: D:9-12

Altars:
Ashenzari
Cheibriados
Dithmenos
Elyvilon
Fedhas
Gozag
Hepliaklqana
Kikubaaqudgha
Makhleb
Nemelex Xobeh
Okawaru
Qazlal
Ru
Sif Muna
Trog
Uskayaw
Vehumet
Wu Jian
Xom
Yredelemnul
Zin
The Shining One


Innate Abilities, Weirdness & Mutations

You have a pair of horns on your head.
You reflexively headbutt those who attack you in melee.


Message History

An orc warrior comes into view. It is wielding a +3 battleaxe.
You feel sick.
The orc warrior shouts!
The kobold brigand barely misses you.
The kobold brigand throws a poisoned dart.
The poisoned dart hits you!
You are more poisoned.
The kobold brigand barely misses you. You furiously retaliate!
You headbutt the kobold brigand.
The orc warrior moves out of view.
You take 2 damage, and have 26/101 hp.
You feel very sick.
The kobold brigand throws a poisoned dart.
The poisoned dart hits you!
You are more poisoned.
The kobold brigand attacks as it pursues you!
The kobold brigand hits you with a +0 whip.
* * * LOW HITPOINT WARNING * * *
You take 8 damage, and have 18/101 hp.
You feel better.
The orc warrior hits you with a +3 battleaxe!
* * * LOW HITPOINT WARNING * * *
An orc priest comes into view. It is wielding a +0 club.
The kobold brigand hits you but does no damage.
The orc warrior hits you but does no damage.
The kobold brigand hits you with a +0 whip.
* * * LOW HITPOINT WARNING * * *
You take 4 damage, and have 14/101 hp.
The kobold brigand barely misses you.
Your skin crawls.
You feel strong-willed.
The orc warrior hits you but does no damage.
The kobold brigand hits you but does no damage.
The orc warrior hits you with a +3 battleaxe!
* * * LOW HITPOINT WARNING * * *
The kobold brigand barely misses you. You furiously retaliate!
You headbutt the kobold brigand.
You take 9 damage, and have 5/101 hp.
The orc warrior attacks as it pursues you!
The orc warrior hits you with a +3 battleaxe!
You die...

######.....#######..........
............................
.......................>....
.......)..........##########
.....##)########### ....
##)##.## ### #.)#..#
##..).## #...#@.# ###Ko.#.#
#.##...# #.....#.# ....#..#
.. ##.#.##..# . #.#.# #.#
#.##. .# # . .


You could see an orc warrior and a kobold brigand.

Vanquished Creatures
  Snorg (D:10)
  A boulder beetle (D:8)
  3 two-headed ogres
  A cyclops (D:11)
  Joseph (D:8)
  Maggie (D:9)
  2 kobold demonologists (D:10)
  A wraith (D:9)
  5 yaks (D:10)
  Grum (D:10)
  A steam dragon (D:9)
  4 vampire mosquitoes (D:10)
  A water moccasin (D:9)
  Duvessa (D:5)
  The ghost of Loonster the Sneak, an amateur SpFi of Gozag (D:4)
  5 orc warriors
  A sky beast (D:8)
  A black bear (D:6)
  2 wolves (D:10)
  4 ogres
  2 centaurs
  6 kobold brigands
  5 bullfrogs
  A gnoll sergeant (D:7)
  14 wights
  5 scorpions
  The ghost of BigPumpCobain the Ruffian, a weakling TrSh (D:3)
  Dowan (D:5)
  A burial acolyte (Ossuary)
  3 bombardier beetles
  6 howler monkeys
  6 hounds
  2 jellies (D:5)
  2 gnoll boudas
  5 orc priests
  3 iguanas
  14 orc wizards
  A mummy (Ossuary)
  A river rat (D:3)
  5 adders
  19 gnolls
  A white imp (D:4)
  2 worms
  2 dart slugs
  38 orcs
  6 ball pythons
  8 bats
  4 endoplasms
  6 giant cockroaches
  9 goblins
  11 hobgoblins
  4 jackals
  9 quokkas
  2 frilled lizards
  7 gnoll skeletons (Ossuary)
  20 kobolds
  6 kobold skeletons (Ossuary)
  9 orc skeletons (Ossuary)
  2 rats
287 creatures vanquished.

Vanquished Creatures (others)
  A human (D:4)
1 creature vanquished.

Grand Total: 288 creatures vanquished

Notes
Turn   | Place    | Note
-------+----------+-------------------------------------------
     0 | D:1      | jasper the Minotaur Berserker began the quest for the Orb.
     0 | D:1      | Reached XP level 1. HP: 19/19 MP: 0/0
   105 | D:1      | Reached skill level 4 in Axes
   118 | D:1      | Reached XP level 2. HP: 26/26 MP: 1/1
   285 | D:1      | You fall into a shaft and drop 1 floor!
   345 | D:3      | Reached skill level 5 in Axes
   425 | D:2      | Reached ** piety under Trog
   426 | D:2      | Reached XP level 3. HP: 31/31 MP: 2/2
  1100 | D:2      | Reached skill level 6 in Axes
  1100 | D:2      | Reached XP level 4. HP: 26/39 MP: 3/3
  1395 | D:3      | Found a runed translucent door.
  1400 | D:3      | Noticed BigPumpCobain's ghost (weakling TrSh)
  1417 | D:3      | Killed BigPumpCobain's ghost
  1427 | D:3      | Found a runed translucent door.
  1445 | D:3      | Reached skill level 7 in Axes
  1445 | D:3      | Reached XP level 5. HP: 37/45 MP: 4/4
  1697 | D:3      | Identified the +11 short sword "Jellyslayer" {flame, Fly
                  | rElec}
  1709 | D:3      | Reached skill level 8 in Axes
  1762 | D:3      | Reached *** piety under Trog
  1953 | D:3      | Found an iron altar of Okawaru.
  2087 | D:3      | Found a faded altar of an unknown god.
  2407 | D:4      | Found an ancient bone altar of Kikubaaqudgha.
  2422 | D:4      | Reached XP level 6. HP: 38/51 MP: 5/5
  2461 | D:4      | Reached skill level 9 in Axes
  2841 | D:4      | Noticed a human
  2844 | D:4      | Killed a human
  2962 | D:4      | Reached XP level 7. HP: 44/57 MP: 6/6
  3129 | D:4      | Found a runed translucent door.
  3130 | D:4      | Noticed Loonster's ghost (amateur SpFi)
  3142 | D:4      | Reached skill level 10 in Axes
  3589 | D:4      | Killed Loonster's ghost
  3646 | D:5      | Entered Level 5 of the Dungeon
  3780 | D:5      | Reached skill level 11 in Axes
  3784 | D:5      | Identified a scroll of acquirement
  3784 | D:5      | Acquired a +3 battleaxe of flaming
  3875 | D:5      | Reached XP level 8. HP: 37/66 MP: 7/7
  4131 | D:5      | Noticed Duvessa
  4131 | D:5      | Noticed Dowan
  4150 | D:5      | Killed Duvessa
  4155 | D:5      | Reached **** piety under Trog
  4490 | D:6      | Found a sand-covered staircase.
  4502 | Ossuary  | Entered an ossuary
  4515 | Ossuary  | Reached skill level 5 in Fighting
  4515 | Ossuary  | Reached skill level 12 in Axes
  4883 | D:6      | Found a broken altar of Ashenzari.
  5423 | D:7      | Found a staircase to the Ecumenical Temple.
  5466 | D:7      | Reached skill level 5 in Armour
  5605 | D:7      | Reached XP level 9. HP: 74/75 MP: 8/8
  5715 | D:7      | Reached ***** piety under Trog
  5825 | D:7      | Reached skill level 13 in Axes
  5997 | D:7      | Found a bloodstained altar of Trog.
  6331 | D:8      | Found a white marble altar of Elyvilon.
  6389 | D:8      | Noticed a boulder beetle
  6421 | D:8      | Killed a boulder beetle
  6664 | D:8      | Reached skill level 14 in Axes
  6748 | D:8      | Noticed Joseph
  6759 | D:8      | Killed Joseph
  6764 | D:8      | Reached XP level 10. HP: 60/88 MP: 9/9
  6769 | D:8      | Received a gift from Trog
  6852 | D:8      | Identified the +8 spear of Bilai {flame, rPois rN+}
  6976 | D:8      | Found an opulent altar of Gozag.
  7643 | D:9      | Reached skill level 15 in Axes
  7737 | D:9      | Noticed Maggie
  7749 | D:9      | Killed Maggie
  7909 | D:9      | Noticed a two-headed ogre
  7918 | D:9      | Killed a two-headed ogre
  8716 | D:5      | Killed Dowan
  8983 | Temple   | Entered the Ecumenical Temple
  9041 | D:10     | Entered Level 10 of the Dungeon
  9041 | D:10     | Found a radiant altar of Vehumet.
  9049 | D:10     | Found a sparkling altar of Nemelex Xobeh.
  9071 | D:10     | Noticed Grum
  9079 | D:10     | Killed Grum
  9090 | D:10     | Reached skill level 16 in Axes
  9092 | D:10     | HP: 2/91 [yak (8)]
  9328 | D:10     | Reached XP level 11. HP: 49/97 MP: 10/10
  9582 | D:10     | Noticed a two-headed ogre
  9589 | D:10     | Killed a two-headed ogre
  9636 | D:10     | Found a shimmering altar of Xom.
  9639 | D:10     | Found a hide-covered altar of Uskayaw.
  9642 | D:10     | Found a glowing golden altar of the Shining One.
  9643 | D:10     | Found a stormy altar of Qazlal.
  9649 | D:10     | Found a snail-covered altar of Cheibriados.
  9942 | D:10     | Noticed Snorg
  9954 | D:10     | Killed Snorg
  9955 | D:10     | Reached skill level 10 in Fighting
 10135 | D:10     | Found a blossoming altar of Fedhas.
 10211 | D:10     | Noticed a two-headed ogre
 10219 | D:10     | Killed a two-headed ogre
 10426 | D:11     | Reached skill level 17 in Axes
 10473 | D:11     | Reached skill level 10 in Armour
 10481 | D:11     | HP: 5/101 [orc warrior/+3 battleaxe (11)]
 10482 | D:11     | Mangled by an orc warrior

Illustrated notes

Levels and vault maps discovered:
D:1:      wheals_arrival_linesprint, layout_rooms, st_stairs_10,
          minmay_statues_item, minmay_ruptured
D:2:      layout_rooms, serial_glass, glass_columns_b, glass_columns_a
D:3:      layout_basic, lemuel_tele_altar, ebering_ghost_sewer_f,
          chequers_ecumenical_altar_simple_redux
D:4:      layout_loops_cross, tgw_kikubaaqudgha, ebering_ghost_inner_flame
D:5:      layout_loops_cross, uniq_duvessa
D:6:      layout_cave_pods, mainiacjoe_overflow_24_doors,
          nicolae_ossuary_entry_monument
D:7:      layout_basic, mainiacjoe_overflow_surrounded_room,
          minmay_temple_entry_grid
D:8:      layout_loops_ring, elyvilon_altar_4, grunt_gozag_statues, uniq_joseph
D:9:      layout_roguey, patterned_corridor, uniq_maggie
D:10:     layout_long_grid, fedhas_altar_4,
          nicolae_overflow_hallway_of_the_gods,
          mainiacjoe_overflow_catwalk_spiral, uniq_snorg, uniq_grum
D:11:     regret_index_combs_of_tragedy, layout_irregular_city,
          minmay_lair_entry_grove, erik_orc_3, slow_altar_2
Temple:   hellmonk_temple_rainy

Skill      XL: |  1  2  3  4  5  6  7  8  9 10 11 |
---------------+----------------------------------+-----
Axes           | 4 5 6 7 8 9 11 12 14 16 17 | 17.0
Fighting       | 4 5 7 9 10 | 10.4
Armour         | 3 5 7 9 10 | 10.0
Dodging        | |  2.1

Action                     |  1- 3 |  4- 6 |  7- 9 | 10-12 || total
---------------------------+-------+-------+-------+-------++-------
  Melee: Hand axe          |    98 |    86 |    34 |       ||   218
         Headbutt          |    13 |    10 |    31 |    28 ||    82
         Short sword       |       |    13 |       |       ||    13
         Punch             |       |     1 |       |       ||     1
         Battleaxe         |       |       |   183 |   201 ||   384
  Throw: Stone             |       |       |     1 |       ||     1
         Dart              |       |       |     1 |     3 ||     4
 Invoke: Berserk           |       |     1 |     4 |     4 ||     9
         Trog's Hand       |       |     1 |     3 |     5 ||     9
  Evoke: Wand              |       |       |     6 |       ||     6
    Use: Scroll            |     5 |     3 |    12 |     2 ||    22
         Potion            |       |       |     1 |     2 ||     3
 Armour: Animal skin       |    56 |    19 |       |       ||    75
         Scale mail        |       |    44 |    95 |       ||   139
         Chain mail        |       |       |    54 |    37 ||    91
         Plate armour      |       |       |       |   175 ||   175
  Dodge: Dodged            |    83 |    56 |    98 |    78 ||   315

Table legend: (Time is in decaauts)
 A = Elapsed time spent in this place.
 B = Non-inter-level travel time spent in this place.
 C = Inter-level travel time spent in this place.
 D = Time resting spent in this place.
 E = Time spent auto-exploring this place.
 F = Levels seen in this place.
 G = Mean time per level.
                   A        B        C        D        E       F      G
               +--------+--------+--------+--------+--------+-----+--------+
         Total |  10576 |  10110 |    466 |    668 |   7432 |  13 |  813.5 |
       Dungeon |  10360 |   9894 |    466 |    668 |   7362 |  11 |  941.8 |
        Temple |      1 |      1 |      0 |      0 |      0 |   1 |    1.0 |
       Ossuary |    214 |    214 |      0 |      0 |     70 |   1 |  214.0 |
               +--------+--------+--------+--------+--------+-----+--------+

Top non-repeatable levels by time:
    D:10: 1296 daAuts
     D:9: 1291 daAuts
     D:4: 1173 daAuts
     D:3: 1154 daAuts
     D:6: 1052 daAuts
     D:8: 993 daAuts
     D:5: 987 daAuts
     D:7: 873 daAuts
     D:1: 759 daAuts
     D:2: 581 daAuts
 Ossuary: 214 daAuts
    D:11: 197 daAuts
  Temple: 1 daAuts
